 Dungeon Crawl Stone Soup version 0.19.1 (webtiles) character file.

71 esteth the Insei (level 4, -7/37 HPs)
             Began as a Vampire Monk on Dec 22, 2016.
             Mangled by Robin
             ... wielding a +1 mace of protection
              (9 damage)
             ... on level 2 of the Dungeon.
             The game lasted 00:04:11 (1185 turns).

esteth the Insei (Vampire Monk)                     Turns: 1185, Time: 00:04:11

Health: -7/37      AC:  6    Str: 10    XL:     4   Next: 5%
Magic:  4/4        EV: 14    Int: 12    God:
Gold:   44         SH:  0    Dex: 17    Spells: 0 memorised, 3 levels left

rFire  . . .     SeeInvis +       - Unarmed
rCold  + . .     Gourm    .     c - +1 ring mail {rC+}
rNeg   + . .     Faith    .     (no shield)
rPois  .         Spirit   .     (no helmet)
rElec  .         Reflect  .     (no cloak)
rCorr  .         Harm     .     (no gloves)
MR     .....                    (no boots)
Stlth  ++........               (no amulet)
                                (no ring)
                                (no ring)

@: no status effects
A: fangs 3, repulsion field 1, see invisible, robust 1, unbreathing
a: Bat Form


You were on level 2 of the Dungeon.
You were not thirsty.

You visited 1 branch of the dungeon, and saw 2 of its levels.

You collected 44 gold pieces.

Inventory:

Armour
 a - a +0 robe
 c - a +1 ring mail of cold resistance (worn)
 e - a +0 plate armour
Scrolls
 g - a scroll of identify
 h - a scroll of remove curse {unknown}
 i - a scroll of random uselessness {unknown}
Potions
 b - 12 potions of blood
 f - a potion of magic
 j - a potion of curing {unknown}
 k - a potion of flight {unknown}
 l - a potion of haste {unknown}


   Skills:
 - Level 2.6 Fighting
 + Level 3.8 Dodging
 - Level 3.0 Stealth
 * Level 5.0 Unarmed Combat


You had 3 spell levels left.
You didn't know any spells.

Dungeon Overview and Level Annotations

Branches:
Dungeon (2/15)

Altars:

Annotations:
D:2 Robin


Innate Abilities, Weirdness & Mutations

You have razor-sharp teeth.
You have supernaturally acute eyesight. (SInv)
You can survive without breathing.
You are surrounded by a mild repulsion field. (EV +2)
You are robust. (+10% HP)


Message History

Robin hits you with a mace of protection.
The goblin hits you.
You hit Robin but do no damage.
Robin is heavily wounded.
Robin closely misses you. The goblin barely misses you.
You hit Robin.
Robin is heavily wounded.
Robin hits you with a mace of protection.
The goblin hits you but does no damage.
You closely miss Robin.
Robin is heavily wounded.
Robin hits you with a mace of protection!
* * * LOW HITPOINT WARNING * * *
You hit Robin but do no damage.
Robin is heavily wounded.
Robin hits you with a mace of protection.
* * * LOW HITPOINT WARNING * * *
The goblin misses you.
Robin hits you with a mace of protection!
You die... ####### #.....# ### #.....# #.. #.....# #.# #.....# gg.

#.....# #g#
###.### #g#
.######.### #@#
..........# #g#
####.##.#.# #.#
........#.######.#
.................#
.###.##.#.########
........#.# ###
..........# ...
######...## #.#


You could see Robin (berserk) and 4 goblins.

Vanquished Creatures
  2 adders (D:2)
  2 dart slugs (D:1)
  A leopard gecko (D:1)
  2 giant cockroaches
  7 goblins
  8 hobgoblins
  2 jackals (D:1)
  5 kobolds
  6 bats
  3 frilled lizards
  8 rats
46 creatures vanquished.

Notes
Turn   | Place    | Note
-------+----------+-------------------------------------------
     0 | D:1      | esteth the Vampire Monk began the quest for the Orb.
     0 | D:1      | Reached XP level 1. HP: 17/17 MP: 1/1
   161 | D:1      | Reached XP level 2. HP: 22/23 MP: 2/2
   176 | D:1      | Reached skill level 4 in Unarmed Combat
   546 | D:1      | Reached XP level 3. HP: 17/28 MP: 3/3
  1015 | D:2      | Gained mutation: You are robust. (+10% HP) [potion of mutation]
  1015 | D:2      | Gained mutation: You are surrounded by a mild repulsion field. (EV +2) [potion of mutation]
  1109 | D:2      | Reached skill level 5 in Unarmed Combat
  1165 | D:2      | Reached XP level 4. HP: 37/37 MP: 4/4
  1166 | D:2      | Noticed Robin
  1185 | D:2      | Mangled by Robin

Skill      XL: |  1  2  3 |
---------------+----------+-----
Unarmed Combat | 4 5 |  5.0
Fighting       | |  2.6
Dodging        | |  3.8
Stealth        | |  3.0

Action                   |  1- 3 |  4- 6 || total
-------------------------+-------+-------++-------
Melee: Unarmed           |   144 |    19 ||   163
       Bite              |    10 |     3 ||    13
       Punch             |     1 |       ||     1
  Use: Potion            |     2 |       ||     2
       Scroll            |     2 |       ||     2
 Stab: Sleeping          |     1 |       ||     1
Armor: Ring mail         |    39 |     5 ||    44
Dodge: Dodged            |    89 |    22 ||   111
